Saguenéens vs Carnivores
Created - 27 février 2015 at 19:06
Goals
|
Saguenéens |
0 |
0 |
1 |
1 |
Carnivores |
3 |
1 |
2 |
6 |
|
Shots
|
Saguenéens |
4 |
11 |
9 |
24 |
Carnivores |
13 |
9 |
16 |
38 |
|
1st period
1. Carnivores , Jeremy Welsh 14 (Zack Smith) at 2:53
2. Carnivores , Blake Geoffrion 24 (Tim Conboy, James Van Riemsdyk) at 4:56
3. Carnivores , Colton Orr 36 (Matt Cullen) at 11:23
Penalties :
Frederic St-Denis (Bre) for Elbowing (Minor) at 6:33, Wayne Simmonds (Chi) for Unsportsmanlike conduct (Major / Game Misconduct) at 14:01
2nd period
4. Carnivores , Blake Geoffrion 25 (Tim Conboy, Anton Gustafsson) at 19:31 (PP)
Penalties :
Matt Cullen (Bre) for Hooking (Minor) at 1:28, Brian Flynn (Chi) for Roughing (Minor) at 4:20, Patrick McNeill (Bre) for Elbowing (Minor) at 11:45, David Rundblad (Chi) for Hooking (Minor) at 15:27, Brian Flynn (Chi) for Hooking (Minor) at 18:29
3rd period
5. Carnivores , James Van Riemsdyk 21 (Matt Cullen) at 3:03 (PP)
6. Saguenéens , Kyle Brodziak 31 (Kevin Marshall) at 4:19 (PP)
7. Carnivores , Colton Orr 37 (Matt Cullen, Phil Oreskovic) at 6:35 (PP)
Penalties :
Rhett Rakhshani (Chi) for Hooking (Minor) at 3:01, David Schlemko (Bre) for Fighting (Major) at 3:48, Eric Tangradi (Chi) for Fighting (Major) at 3:48, David Schlemko (Bre) for instigated a fight (Minor) at 3:48, David Schlemko (Bre) for instigated a fight (10 Minutes Misconduct) at 3:48, Jim O'Brien (Chi) for Tripping (Minor) at 5:26, Bobby Sanguinetti (Bre) for Slashing (Minor) at 6:42, Derek Morris (Chi) for Holding (Minor) at 11:28
Goalie Stats
Harru Sateri (Chi), 32 saves from 38 shots - (0,842), L, 9-10-3, 60:00 minutes
Steve Mason (Bre), 23 saves from 24 shots - (0,958), W, 16-7-2, 60:00 minutes
Players Stats for Saguenéens
Player Name G A P +/- PIM S H SB GA TA FO MP PP MP PK MP
------------------------------------------------------------------------------------
Brandon Burlon 0 0 0 -1 0 0 2 1 0 1 0/0 15:11 0:00 1:37
Brian Flynn 0 0 0 0 4 1 1 0 0 0 2/3 16:04 2:25 0:16
David Laliberté 0 0 0 -1 0 1 2 0 0 1 1/3 17:27 0:02 6:39
David Rundblad 0 0 0 0 2 0 2 0 0 0 0/0 10:59 0:00 0:47
Derek Morris 0 0 0 -2 2 3 2 1 1 2 0/0 26:38 6:05 6:09
Eric Tangradi 0 0 0 0 5 2 0 0 0 0 0/0 10:18 0:00 1:38
Evgeny Dadonov 0 0 0 -2 0 3 2 0 1 1 0/1 17:17 4:26 0:16
Evgeny Grachev 0 0 0 0 0 0 1 0 0 0 0/0 9:35 0:56 0:00
Jim O'Brien 0 0 0 0 2 1 0 1 1 0 0/2 10:11 0:00 1:26
Kevin Marshall 0 1 1 -2 0 2 1 0 0 0 0/0 27:28 6:05 7:17
Kris Russell 0 0 0 -1 0 1 1 1 0 0 0/0 21:19 2:22 5:14
Kyle Brodziak 1 0 1 -1 0 3 1 0 1 1 3/11 18:06 3:59 4:30
Marcus Johansson 0 0 0 -1 0 0 1 0 0 0 0/0 17:22 4:01 4:36
Martin Hanzal 0 0 0 -2 0 3 2 0 0 0 24/39 23:11 4:26 6:57
Mike Sauer 0 0 0 0 0 0 0 2 0 0 0/0 17:29 2:22 5:14
Rhett Rakhshani 0 0 0 0 2 1 1 0 0 0 0/0 9:36 0:00 0:00
Tim Kennedy 0 0 0 0 0 3 2 0 1 0 0/0 14:01 3:59 0:00
Wayne Simmonds 0 0 0 -2 15 0 0 0 0 0 0/0 4:31 1:07 0:00
Players Stats for Carnivores
Player Name G A P +/- PIM S H SB GA TA FO MP PP MP PK MP
------------------------------------------------------------------------------------
Adam Almquist 0 0 0 0 0 0 0 0 0 0 0/0 0:25 0:00 0:00
Andrew Ference 0 0 0 1 0 1 2 2 0 1 0/0 27:01 7:29 4:21
Anton Gustafsson 0 1 1 1 0 2 2 0 0 1 3/10 15:51 4:45 0:00
Anton Lander 0 0 0 0 0 0 0 2 0 0 2/3 10:35 0:47 0:42
Billy Sweat 0 0 0 0 0 1 1 0 0 0 0/0 10:30 1:19 0:00
Blake Geoffrion 2 0 2 1 0 7 2 0 0 0 0/0 15:51 4:45 0:00
Bobby Sanguinetti 0 0 0 1 2 1 2 4 0 0 0/0 19:29 4:45 3:25
Brian Strait 0 0 0 0 0 0 0 0 0 0 0/0 4:55 0:00 0:00
Chris Butler 0 0 0 1 0 0 1 2 0 0 0/0 8:59 0:55 0:00
Chris Lawrence 0 0 0 1 0 0 0 0 0 0 0/0 7:44 1:06 0:00
Colton Orr 2 0 2 1 0 7 1 1 1 1 0/1 23:05 6:59 5:03
David Schlemko 0 0 0 1 17 0 0 0 0 0 0/0 7:19 0:55 1:04
David Van Der Gulik 0 0 0 0 0 1 1 0 0 0 1/1 12:03 0:37 2:03
Frederic St-Denis 0 0 0 0 2 0 0 0 0 0 0/0 6:57 0:00 0:41
James Van Riemsdyk 1 1 2 1 0 4 1 0 1 0 0/0 19:23 7:02 1:10
Jeremy Welsh 1 0 1 1 0 1 2 0 0 0 1/1 9:10 0:23 1:49
Matt Cullen 0 3 3 1 2 6 2 1 2 1 20/41 22:29 6:54 4:04
Patrick McNeill 0 0 0 1 2 0 0 2 0 0 0/0 19:08 4:45 3:02
Phil Oreskovic 0 1 1 1 0 2 1 3 1 0 0/0 26:02 7:29 4:21
Tim Conboy 0 2 2 1 0 4 0 0 0 1 1/1 17:55 4:50 2:03
Zack Smith 0 1 1 1 0 1 0 0 1 0 1/1 6:37 0:00 0:00
3 Stars
1 - Blake Geoffrion (Bre)
2 - Colton Orr (Bre)
3 - James Van Riemsdyk (Bre)
Power Play
Saguenéens - 1 on 5 Attempt(s) - 20,00%
Carnivores - 3 on 7 Attempt(s) - 42,86%
Penalty Kill
Saguenéens - 4 on 7 Attempt(s) - 57,14%
- Score 0 goal in Penalty Kill
Carnivores - 4 on 5 Attempt(s) - 80,00%
- Score 0 goal in Penalty Kill
Team Stat
Saguenéens - Hits : 21 - Faceoff Wins : 30 - Blocked Shots : 6 - Penalty Minutes : 32
Carnivores - Hits : 18 - Faceoff Wins : 29 - Blocked Shots : 17 - Penalty Minutes : 25
Official
Referees : McCreary Bill and StPierre Justin
Linesman : Thor Nelson and Steve Miller
Game Notes
Wayne Simmonds ejected from game at 14:01 of 1st period
David Schlemko and Eric Tangradi fight to a draw at 3:48 of 3rd period
Finance
Level 1 -- Attendance: 1487 (74,35%) -- Ticket Income 59 480 $
Level 2 -- Attendance: 667 (66,70%) -- Ticket Income 12 673 $
Total Attendance: 2154 (71,80%)
Total Ticket Income: 72 153 $
Other Income: 3 608 $
Total Income: 75 761 $
Saguenéens
5 vs 5 Forward
Center Left Wing Right Wing Time % Phy DF OF
1 Martin Hanzal Evgeny Dadonov Wayne Simmonds 40 1 2 2
2 Kyle Brodziak Marcus Johansson David Laliberté 30 1 2 2
3 Brian Flynn Tim Kennedy Evgeny Grachev 20 1 2 2
4 Jim O'Brien Eric Tangradi Rhett Rakhshani 10 1 2 2
5 vs 5 Defense
Defense Defense Time % Phy DF OF
1 Derek Morris Kevin Marshall 40 1 2 2
2 Kris Russell Brandon Burlon 34 1 2 2
3 David Rundblad Mike Sauer 20 1 2 2
4 Derek Morris Kevin Marshall 6 1 2 2
PowerPlay Forward
Center Left Wing Right Wing Time % Phy DF OF
1 Martin Hanzal Evgeny Dadonov Wayne Simmonds 60 1 2 2
2 Kyle Brodziak Marcus Johansson Tim Kennedy 40 1 2 2
PowerPlay Defense
Defense Defense Time % Phy DF OF
1 Derek Morris Kevin Marshall 60 1 2 2
2 Kris Russell Mike Sauer 40 1 2 2
Penalty Kill 4 Players Forward
Center Wing Time % Phy DF OF
1 Martin Hanzal David Laliberté 60 1 2 2
2 Kyle Brodziak Wayne Simmonds 40 1 2 2
Penalty Kill 4 Players Defense
Defense Defense Time % Phy DF OF
1 Derek Morris Kevin Marshall 60 1 2 2
2 Kris Russell Mike Sauer 40 1 2 2
Penalty Kill - 3 Players Forward
Forward Time % Phy DF OF
1 Martin Hanzal 60 1 2 2
2 Kyle Brodziak 40 1 2 2
Penalty Kill - 3 Players Defense
Defense Defense Time % Phy DF OF
1 Derek Morris Kevin Marshall 60 1 2 2
2 Mike Sauer Kris Russell 40 1 2 2
4 vs 4 Forward
Center Wing Time % Phy DF OF
1 Martin Hanzal Wayne Simmonds 60 1 2 2
2 Kyle Brodziak Evgeny Dadonov 40 1 2 2
4 vs 4 Defense
Defense Defense Time % Phy DF OF
1 Derek Morris Kevin Marshall 60 1 2 2
2 Kris Russell Brandon Burlon 40 1 2 2
Last Minutes Offensive
Center Left Wing Right Wing Defense Defense
Martin Hanzal Evgeny Dadonov Wayne Simmonds Derek Morris Kris Russell
Last Minutes Defensive
Center Left Wing Right Wing Defense Defense
Martin Hanzal Evgeny Dadonov Wayne Simmonds Derek Morris Kris Russell
Goaltenders
Starting : Harru Sateri
Backup : Al Montoya
Extra Forwards
Normal : Brian Flynn, Tim Kennedy, Martin Hanzal - PP : Brian Flynn, Evgeny Grachev - PK : David Laliberté
Extra Defensemen
Normal : Mike Sauer, Brandon Burlon, Derek Morris - PP : Brandon Burlon - PK : Brandon Burlon, David Rundblad
Penalty Shots
Wayne Simmonds, Evgeny Dadonov, Martin Hanzal, Kyle Brodziak, Brian Flynn
Carnivores
5 vs 5 Forward
Center Left Wing Right Wing Time % Phy DF OF
1 Matt Cullen James Van Riemsdyk Colton Orr 40 1 2 2
2 Anton Gustafsson Blake Geoffrion Tim Conboy 30 1 2 2
3 Anton Lander Billy Sweat David Van Der Gulik 20 1 2 2
4 Zack Smith Jeremy Welsh Chris Lawrence 10 1 2 2
5 vs 5 Defense
Defense Defense Time % Phy DF OF
1 Andrew Ference Phil Oreskovic 40 1 2 2
2 Bobby Sanguinetti Patrick McNeill 30 1 2 2
3 Chris Butler David Schlemko 20 1 2 2
4 Frederic St-Denis Brian Strait 10 1 2 2
PowerPlay Forward
Center Left Wing Right Wing Time % Phy DF OF
1 Matt Cullen James Van Riemsdyk Colton Orr 60 1 2 2
2 Anton Gustafsson Blake Geoffrion Tim Conboy 40 1 2 2
PowerPlay Defense
Defense Defense Time % Phy DF OF
1 Andrew Ference Phil Oreskovic 60 1 2 2
2 Bobby Sanguinetti Patrick McNeill 40 1 2 2
Penalty Kill 4 Players Forward
Center Wing Time % Phy DF OF
1 Matt Cullen Colton Orr 60 1 2 2
2 Tim Conboy David Van Der Gulik 40 1 2 2
Penalty Kill 4 Players Defense
Defense Defense Time % Phy DF OF
1 Andrew Ference Phil Oreskovic 60 1 2 2
2 Bobby Sanguinetti Patrick McNeill 40 1 2 2
Penalty Kill - 3 Players Forward
Forward Time % Phy DF OF
1 Matt Cullen 60 1 2 2
2 Colton Orr 40 1 2 2
Penalty Kill - 3 Players Defense
Defense Defense Time % Phy DF OF
1 Andrew Ference Phil Oreskovic 60 1 2 2
2 Bobby Sanguinetti Patrick McNeill 40 1 2 2
4 vs 4 Forward
Center Wing Time % Phy DF OF
1 Matt Cullen Colton Orr 60 1 2 2
2 Tim Conboy David Van Der Gulik 40 1 2 2
4 vs 4 Defense
Defense Defense Time % Phy DF OF
1 Andrew Ference Phil Oreskovic 60 1 2 2
2 Bobby Sanguinetti Patrick McNeill 40 1 2 2
Last Minutes Offensive
Center Left Wing Right Wing Defense Defense
Matt Cullen James Van Riemsdyk Colton Orr Andrew Ference Phil Oreskovic
Last Minutes Defensive
Center Left Wing Right Wing Defense Defense
Matt Cullen James Van Riemsdyk Colton Orr Andrew Ference Phil Oreskovic
Goaltenders
Starting : Steve Mason
Backup : Antti Raanta
Extra Forwards
Normal : Chris Lawrence, Billy Sweat, Jeremy Welsh - PP : Chris Lawrence, Billy Sweat - PK : Jeremy Welsh
Extra Defensemen
Normal : Chris Butler, David Schlemko, Frederic St-Denis - PP : Chris Butler - PK : David Schlemko, Frederic St-Denis
Penalty Shots
Matt Cullen, Colton Orr, Tim Conboy, David Van Der Gulik, James Van Riemsdyk
% Time on Ice - Saguenéens
Lines # - Real PCT - Wanted PCT - Time Play
Normal Forward
1 - 38% - 40% - 14:31
2 - 20% - 30% - 7:43
3 - 22% - 20% - 8:33
4 - 20% - 10% - 7:37
Normal Defense
1 - 35% - 40% - 13:36
2 - 38% - 34% - 14:28
3 - 25% - 20% - 9:30
4 - 2% - 6% - 0:50
PP Forward
1 - 53% - 60% - 4:28
2 - 47% - 40% - 3:59
PP Defense
1 - 72% - 60% - 6:05
2 - 28% - 40% - 2:22
PK Forward
1 - 68% - 60% - 8:57
2 - 32% - 40% - 4:12
PK Defense
1 - 60% - 60% - 7:55
2 - 40% - 40% - 5:14
PK3 Forward
1 - 0% - 60%
2 - 0% - 40%
PK3 Defense
1 - 0% - 60%
2 - 0% - 40%
44 Forward
1 - 0% - 60%
2 - 0% - 40%
44 Defense
1 - 0% - 60%
2 - 0% - 40%
Last Minute Offensive - 0:00
Last Minute Defensive - 0:00
Total
Forward - 60:00
Defense - 60:00
|
% Time on Ice - Carnivores
Lines # - Real PCT - Wanted PCT - Time Play
Normal Forward
1 - 29% - 40% - 11:18
2 - 29% - 30% - 11:09
3 - 24% - 20% - 9:20
4 - 17% - 10% - 6:37
Normal Defense
1 - 37% - 40% - 14:19
2 - 29% - 30% - 11:13
3 - 21% - 20% - 7:57
4 - 13% - 10% - 4:55
PP Forward
1 - 62% - 60% - 8:12
2 - 38% - 40% - 4:57
PP Defense
1 - 64% - 60% - 8:24
2 - 36% - 40% - 4:45
PK Forward
1 - 76% - 60% - 6:24
2 - 24% - 40% - 2:03
PK Defense
1 - 51% - 60% - 4:21
2 - 49% - 40% - 4:06
PK3 Forward
1 - 0% - 60%
2 - 0% - 40%
PK3 Defense
1 - 0% - 60%
2 - 0% - 40%
44 Forward
1 - 0% - 60%
2 - 0% - 40%
44 Defense
1 - 0% - 60%
2 - 0% - 40%
Last Minute Offensive - 0:00
Last Minute Defensive - 0:00
Total
Forward - 60:00
Defense - 60:00
|
Play by Play
1st period
0:01 of 1st period - Martin Hanzal wins face-off versus Matt Cullen in neutral zone.
0:51 of 1st period - Slapshot by Andrew Ference.
0:51 of 1st period - Stopped by Harru Sateri without a rebound.
0:52 of 1st period - Anton Lander wins face-off versus Brian Flynn in Saguenéens zone.
1:17 of 1st period - Bobby Sanguinetti is hit by Rhett Rakhshani and loses puck.
1:24 of 1st period - Snap shot by Eric Tangradi.
1:24 of 1st period - Deflect By Rhett Rakhshani.
1:24 of 1st period - Stopped by Steve Mason with a rebound.
2:09 of 1st period - Slapshot by Marcus Johansson.
2:09 of 1st period - Shot Misses the Net.
2:29 of 1st period - Slapshot by Derek Morris.
2:29 of 1st period - Shot Blocked by Bobby Sanguinetti.
2:46 of 1st period - Icing by Jeremy Welsh.
2:47 of 1st period - Zack Smith wins face-off versus Martin Hanzal in Carnivores zone.
2:47 of 1st period - Zack Smith is hit by Brandon Burlon.
2:53 of 1st period - Backhand shot by Jeremy Welsh.
2:53 of 1st period - Goal by Jeremy Welsh - Saguenéens : 0 - Carnivores : 1.
2:54 of 1st period - Martin Hanzal wins face-off versus Matt Cullen in neutral zone.
3:43 of 1st period - Slapshot by Tim Kennedy.
3:43 of 1st period - Stopped by Steve Mason without a rebound.
3:44 of 1st period - Brian Flynn wins face-off versus Matt Cullen in Carnivores zone.
4:18 of 1st period - Wrist shot by Blake Geoffrion.
4:18 of 1st period - Stopped by Harru Sateri without a rebound.
4:19 of 1st period - Matt Cullen wins face-off versus Kyle Brodziak in Saguenéens zone.
4:56 of 1st period - Snap shot by Blake Geoffrion.
4:56 of 1st period - Goal by Blake Geoffrion - Saguenéens : 0 - Carnivores : 2.
4:57 of 1st period - Kyle Brodziak wins face-off versus Matt Cullen in neutral zone.
6:33 of 1st period - Minor Penalty to Frederic St-Denis for Elbowing.
6:34 of 1st period - Matt Cullen wins face-off versus Martin Hanzal in Carnivores zone.
6:38 of 1st period - Slapshot by Matt Cullen.
6:38 of 1st period - Stopped by Harru Sateri without a rebound.
6:39 of 1st period - Martin Hanzal wins face-off versus Colton Orr in Saguenéens zone.
6:44 of 1st period - Wrist shot by Colton Orr.
6:44 of 1st period - Shot Misses the Net.
6:54 of 1st period - Slapshot by Martin Hanzal.
6:54 of 1st period - Shot Blocked by Bobby Sanguinetti.
8:08 of 1st period - Snap shot by James Van Riemsdyk.
8:08 of 1st period - Stopped by Harru Sateri with a rebound.
8:28 of 1st period - Derek Morris is hit by Bobby Sanguinetti and loses puck.
8:33 of 1st period - Penalty to Frederic St-Denis is over, Frederic St-Denis is back on ice.
8:47 of 1st period - Wrist shot by Eric Tangradi.
8:47 of 1st period - Shot Misses the Net.
8:49 of 1st period - Snap shot by Eric Tangradi.
8:49 of 1st period - Shot Misses the Net.
9:03 of 1st period - Snap shot by Billy Sweat.
9:03 of 1st period - Shot Misses the Net.
10:27 of 1st period - Slapshot by Eric Tangradi.
10:27 of 1st period - Stopped by Steve Mason without a rebound.
10:28 of 1st period - Matt Cullen wins face-off versus Jim O'Brien in Carnivores zone.
10:35 of 1st period - Slapshot by James Van Riemsdyk.
10:35 of 1st period - Stopped by Harru Sateri without a rebound.
10:36 of 1st period - Matt Cullen wins face-off versus Martin Hanzal in Saguenéens zone.
11:05 of 1st period - Wrist shot by Tim Kennedy.
11:05 of 1st period - Shot Misses the Net.
11:07 of 1st period - Snap shot by Tim Kennedy.
11:07 of 1st period - Shot Blocked by Colton Orr.
11:09 of 1st period - Slapshot by Derek Morris.
11:09 of 1st period - Deflect By Colton Orr.
11:09 of 1st period - Stopped by Steve Mason with a rebound.
11:23 of 1st period - Wrist shot by Colton Orr.
11:23 of 1st period - Goal by Colton Orr - Saguenéens : 0 - Carnivores : 3.
11:24 of 1st period - Martin Hanzal wins face-off versus Anton Gustafsson in neutral zone.
11:26 of 1st period - Off-side.
11:27 of 1st period - Martin Hanzal wins face-off versus Anton Gustafsson in neutral zone.
11:58 of 1st period - Wrist shot by Colton Orr.
11:58 of 1st period - Shot Blocked by Brandon Burlon.
12:00 of 1st period - Wrist shot by Matt Cullen.
12:00 of 1st period - Stopped by Harru Sateri with a rebound.
12:18 of 1st period - Snap shot by David Van Der Gulik.
12:18 of 1st period - Stopped by Harru Sateri without a rebound.
12:19 of 1st period - Brian Flynn wins face-off versus Anton Gustafsson in Saguenéens zone.
12:28 of 1st period - Andrew Ference is hit by Brian Flynn and loses puck.
12:45 of 1st period - Tim Kennedy is hit by David Van Der Gulik and loses puck.
13:33 of 1st period - Wrist shot by Blake Geoffrion.
13:33 of 1st period - Stopped by Harru Sateri with a rebound.
13:35 of 1st period - Snap shot by Tim Conboy.
13:35 of 1st period - Stopped by Harru Sateri without a rebound.
13:36 of 1st period - Kyle Brodziak wins face-off versus Anton Gustafsson in Saguenéens zone.
13:36 of 1st period - Kyle Brodziak is hit by Blake Geoffrion.
13:42 of 1st period - Wrist shot by David Laliberté.
13:42 of 1st period - Shot Misses the Net.
13:58 of 1st period - Wrist shot by Tim Conboy.
13:58 of 1st period - Stopped by Harru Sateri without a rebound.
13:59 of 1st period - Martin Hanzal wins face-off versus Matt Cullen in Saguenéens zone.
14:01 of 1st period - Major / Game Misconduct Penalty to Wayne Simmonds for Unsportsmanlike conduct.
14:01 of 1st period - Wayne Simmonds is ejected from game.
14:02 of 1st period - Matt Cullen wins face-off versus Martin Hanzal in Saguenéens zone.
14:18 of 1st period - Slapshot by David Laliberté.
14:18 of 1st period - Shot Misses the Net.
14:28 of 1st period - David Laliberté is hit by Phil Oreskovic.
14:44 of 1st period - Mike Sauer is hit by Bobby Sanguinetti.
15:27 of 1st period - Tim Conboy is hit by Martin Hanzal and loses puck.
16:13 of 1st period - Wrist shot by David Van Der Gulik.
16:13 of 1st period - Shot Blocked by Mike Sauer.
17:10 of 1st period - Kris Russell is hit by Andrew Ference and loses puck.
19:01 of 1st period - Penalty to Wayne Simmonds is over, David Laliberté is send on ice.
19:14 of 1st period - Brian Strait is hit by Martin Hanzal.
19:54 of 1st period - Bobby Sanguinetti is hit by Tim Kennedy and loses puck.
Goals for this period are 0 for Saguenéens vs 3 for Carnivores.
Shots for this period are 4 for Saguenéens vs 13 for Carnivores.
2nd period
0:01 of 2nd period - Martin Hanzal wins face-off versus Matt Cullen in neutral zone.
0:08 of 2nd period - Snap shot by Martin Hanzal.
0:08 of 2nd period - Shot Blocked by Matt Cullen.
0:47 of 2nd period - Slapshot by Eric Tangradi.
0:47 of 2nd period - Shot Misses the Net.
0:53 of 2nd period - Phil Oreskovic is hit by David Rundblad and loses puck.
1:14 of 2nd period - Snap shot by Anton Gustafsson.
1:14 of 2nd period - Stopped by Harru Sateri without a rebound.
1:15 of 2nd period - David Laliberté wins face-off versus Matt Cullen in Saguenéens zone.
1:15 of 2nd period - David Laliberté is hit by Matt Cullen.
1:28 of 2nd period - Minor Penalty to Matt Cullen for Hooking.
1:29 of 2nd period - Jeremy Welsh wins face-off versus Martin Hanzal in Carnivores zone.
1:57 of 2nd period - Off-side.
1:58 of 2nd period - Anton Lander wins face-off versus Kyle Brodziak in neutral zone.
2:22 of 2nd period - Andrew Ference is hit by Kyle Brodziak and loses puck.
2:43 of 2nd period - Snap shot by Kyle Brodziak.
2:43 of 2nd period - Stopped by Steve Mason with a rebound.
2:45 of 2nd period - Slapshot by Kevin Marshall.
2:45 of 2nd period - Shot Blocked by Bobby Sanguinetti.
2:47 of 2nd period - Slapshot by Derek Morris.
2:47 of 2nd period - Stopped by Steve Mason with a rebound.
2:49 of 2nd period - Slapshot by Kyle Brodziak.
2:49 of 2nd period - Stopped by Steve Mason with a rebound.
3:03 of 2nd period - Snap shot by Martin Hanzal.
3:03 of 2nd period - Shot Blocked by Anton Lander.
3:28 of 2nd period - Penalty to Matt Cullen is over, Matt Cullen is back on ice.
3:41 of 2nd period - Off-side.
3:42 of 2nd period - Anton Gustafsson wins face-off versus Jim O'Brien in neutral zone.
4:12 of 2nd period - Billy Sweat is hit by Evgeny Dadonov and loses puck.
4:20 of 2nd period - Minor Penalty to Brian Flynn for Roughing.
4:21 of 2nd period - Martin Hanzal wins face-off versus Matt Cullen in Saguenéens zone.
6:20 of 2nd period - Penalty to Brian Flynn is over, Brian Flynn is back on ice.
7:35 of 2nd period - Brian Flynn is hit by Blake Geoffrion and loses puck.
8:18 of 2nd period - Jeremy Welsh is hit by David Laliberté and loses puck.
8:29 of 2nd period - Tim Conboy is hit by David Rundblad.
9:33 of 2nd period - Kevin Marshall is hit by Jeremy Welsh and loses puck.
9:46 of 2nd period - James Van Riemsdyk is hit by Derek Morris and loses puck.
10:44 of 2nd period - Kevin Marshall is hit by Billy Sweat and loses puck.
11:45 of 2nd period - Minor Penalty to Patrick McNeill for Elbowing.
11:46 of 2nd period - Matt Cullen wins face-off versus Kyle Brodziak in Carnivores zone.
12:00 of 2nd period - Matt Cullen is hit by Marcus Johansson and loses puck.
12:31 of 2nd period - Icing by Derek Morris.
12:32 of 2nd period - Martin Hanzal wins face-off versus Matt Cullen in Saguenéens zone.
12:32 of 2nd period - Martin Hanzal is hit by Matt Cullen.
12:43 of 2nd period - Evgeny Grachev is hit by Andrew Ference and loses puck.
13:02 of 2nd period - Snap shot by Tim Kennedy.
13:02 of 2nd period - Stopped by Steve Mason with a rebound.
13:45 of 2nd period - Penalty to Patrick McNeill is over, Patrick McNeill is back on ice.
13:53 of 2nd period - Snap shot by Tim Kennedy.
13:53 of 2nd period - Stopped by Steve Mason without a rebound.
13:54 of 2nd period - Martin Hanzal wins face-off versus Anton Gustafsson in Carnivores zone.
14:05 of 2nd period - Snap shot by Martin Hanzal.
14:05 of 2nd period - Shot Blocked by Patrick McNeill.
14:07 of 2nd period - Slapshot by Evgeny Dadonov.
14:07 of 2nd period - Shot Misses the Net.
14:09 of 2nd period - Wrist shot by Brian Flynn.
14:09 of 2nd period - Stopped by Steve Mason without a rebound.
14:10 of 2nd period - Martin Hanzal wins face-off versus Anton Lander in Carnivores zone.
14:11 of 2nd period - Slapshot by Evgeny Dadonov.
14:11 of 2nd period - Deflect By Martin Hanzal.
14:11 of 2nd period - Shot Blocked by Andrew Ference.
14:11 of 2nd period - Puck is out of play.
14:12 of 2nd period - David Van Der Gulik wins face-off versus Martin Hanzal in Carnivores zone.
14:12 of 2nd period - David Van Der Gulik is hit by Evgeny Dadonov.
15:27 of 2nd period - Minor Penalty to David Rundblad for Hooking.
15:28 of 2nd period - Martin Hanzal wins face-off versus Matt Cullen in Saguenéens zone.
16:07 of 2nd period - Snap shot by Anton Gustafsson.
16:07 of 2nd period - Stopped by Harru Sateri without a rebound.
16:08 of 2nd period - Matt Cullen wins face-off versus Martin Hanzal in Saguenéens zone.
16:09 of 2nd period - Snap shot by Colton Orr.
16:09 of 2nd period - Shot Blocked by Mike Sauer.
16:11 of 2nd period - Snap shot by Phil Oreskovic.
16:11 of 2nd period - Stopped by Harru Sateri with a rebound.
16:13 of 2nd period - Wrist shot by Colton Orr.
16:13 of 2nd period - Stopped by Harru Sateri with a rebound.
16:15 of 2nd period - Slapshot by Phil Oreskovic.
16:15 of 2nd period - Shot Misses the Net.
16:17 of 2nd period - Wrist shot by Colton Orr.
16:17 of 2nd period - Stopped by Harru Sateri without a rebound.
16:18 of 2nd period - Martin Hanzal wins face-off versus Matt Cullen in Saguenéens zone.
16:33 of 2nd period - Snap shot by James Van Riemsdyk.
16:33 of 2nd period - Stopped by Harru Sateri with a rebound.
16:39 of 2nd period - Wrist shot by James Van Riemsdyk.
16:39 of 2nd period - Shot Misses the Net.
16:41 of 2nd period - Snap shot by James Van Riemsdyk.
16:41 of 2nd period - Shot Misses the Net.
16:50 of 2nd period - Icing by Phil Oreskovic.
16:51 of 2nd period - Matt Cullen wins face-off versus Kyle Brodziak in Carnivores zone.
17:08 of 2nd period - Snap shot by Matt Cullen.
17:08 of 2nd period - Stopped by Harru Sateri without a rebound.
17:09 of 2nd period - Martin Hanzal wins face-off versus Anton Gustafsson in Saguenéens zone.
17:27 of 2nd period - Penalty to David Rundblad is over, David Rundblad is back on ice.
17:38 of 2nd period - Snap shot by Billy Sweat.
17:38 of 2nd period - Shot Misses the Net.
18:03 of 2nd period - Wrist shot by Eric Tangradi.
18:03 of 2nd period - Deflect By Chris Lawrence.
18:03 of 2nd period - Shot Blocked by Chris Butler.
18:03 of 2nd period - Puck is out of play.
18:04 of 2nd period - Martin Hanzal wins face-off versus Matt Cullen in Carnivores zone.
18:07 of 2nd period - Slapshot by Evgeny Dadonov.
18:07 of 2nd period - Stopped by Steve Mason without a rebound.
18:08 of 2nd period - Martin Hanzal wins face-off versus Matt Cullen in Carnivores zone.
18:29 of 2nd period - Minor Penalty to Brian Flynn for Hooking.
18:30 of 2nd period - Matt Cullen wins face-off versus Martin Hanzal in Saguenéens zone.
18:45 of 2nd period - Phil Oreskovic is hit by David Laliberté and loses puck.
18:58 of 2nd period - Slapshot by Phil Oreskovic.
18:58 of 2nd period - Stopped by Harru Sateri without a rebound.
18:59 of 2nd period - Anton Gustafsson wins face-off versus Kyle Brodziak in Saguenéens zone.
19:08 of 2nd period - Marcus Johansson is hit by Anton Gustafsson and loses puck.
19:31 of 2nd period - Wrist shot by Tim Conboy.
19:31 of 2nd period - Deflect By Blake Geoffrion.
19:31 of 2nd period - Goal by Blake Geoffrion - Saguenéens : 0 - Carnivores : 4.
19:32 of 2nd period - Matt Cullen wins face-off versus Evgeny Dadonov in neutral zone.
19:42 of 2nd period - Snap shot by Martin Hanzal.
19:42 of 2nd period - Stopped by Steve Mason without a rebound.
19:43 of 2nd period - Martin Hanzal wins face-off versus Matt Cullen in Carnivores zone.
19:44 of 2nd period - Backhand shot by Evgeny Dadonov.
19:44 of 2nd period - Stopped by Steve Mason with a rebound.
19:46 of 2nd period - Slapshot by Evgeny Dadonov.
19:46 of 2nd period - Stopped by Steve Mason without a rebound.
19:47 of 2nd period - Martin Hanzal wins face-off versus Matt Cullen in Carnivores zone.
19:50 of 2nd period - Wrist shot by Evgeny Dadonov.
19:50 of 2nd period - Shot Blocked by Bobby Sanguinetti.
19:52 of 2nd period - Wrist shot by Derek Morris.
19:52 of 2nd period - Shot Misses the Net.
19:54 of 2nd period - Slapshot by Kevin Marshall.
19:54 of 2nd period - Stopped by Steve Mason without a rebound.
19:55 of 2nd period - Kyle Brodziak wins face-off versus Matt Cullen in Carnivores zone.
Goals for this period are 0 for Saguenéens vs 1 for Carnivores.
Shots for this period are 11 for Saguenéens vs 9 for Carnivores.
3rd period
0:01 of 3rd period - Matt Cullen wins face-off versus Martin Hanzal in neutral zone.
0:08 of 3rd period - Colton Orr is hit by Derek Morris.
0:58 of 3rd period - Wrist shot by Blake Geoffrion.
0:58 of 3rd period - Stopped by Harru Sateri with a rebound.
1:08 of 3rd period - Wrist shot by Tim Conboy.
1:08 of 3rd period - Stopped by Harru Sateri with a rebound.
2:28 of 3rd period - Slapshot by James Van Riemsdyk.
2:28 of 3rd period - Shot Blocked by Derek Morris.
3:01 of 3rd period - Minor Penalty to Rhett Rakhshani for Hooking.
3:02 of 3rd period - Matt Cullen wins face-off versus Martin Hanzal in Saguenéens zone.
3:03 of 3rd period - Snap shot by James Van Riemsdyk.
3:03 of 3rd period - Goal by James Van Riemsdyk - Saguenéens : 0 - Carnivores : 5.
3:04 of 3rd period - Matt Cullen wins face-off versus Martin Hanzal in neutral zone.
3:29 of 3rd period - Tim Conboy is hit by Kevin Marshall.
3:48 of 3rd period - David Schlemko and Eric Tangradi fight to a draw.
3:48 of 3rd period - Penalty to David Schlemko for Fighting.
3:48 of 3rd period - Penalty to Eric Tangradi for Fighting.
3:48 of 3rd period - Penalty to David Schlemko for instigated a fight.
3:48 of 3rd period - Penalty to David Schlemko for instigated a fight.
3:49 of 3rd period - Martin Hanzal wins face-off versus Matt Cullen in neutral zone.
4:14 of 3rd period - Phil Oreskovic is hit by Tim Kennedy and loses puck.
4:19 of 3rd period - Backhand shot by Kyle Brodziak.
4:19 of 3rd period - Goal by Kyle Brodziak - Saguenéens : 1 - Carnivores : 5.
4:20 of 3rd period - Matt Cullen wins face-off versus Martin Hanzal in neutral zone.
4:33 of 3rd period - Snap shot by Matt Cullen.
4:33 of 3rd period - Stopped by Harru Sateri with a rebound.
4:58 of 3rd period - Wrist shot by Kyle Brodziak.
4:58 of 3rd period - Shot Misses the Net.
5:15 of 3rd period - Wrist shot by David Van Der Gulik.
5:15 of 3rd period - Shot Blocked by Kris Russell.
5:17 of 3rd period - Snap shot by David Van Der Gulik.
5:17 of 3rd period - Shot Misses the Net.
5:19 of 3rd period - Snap shot by Billy Sweat.
5:19 of 3rd period - Stopped by Harru Sateri with a rebound.
5:26 of 3rd period - Minor Penalty to Jim O'Brien for Tripping.
5:27 of 3rd period - Matt Cullen wins face-off versus Martin Hanzal in Saguenéens zone.
5:27 of 3rd period - Snap shot by Colton Orr.
5:27 of 3rd period - Stopped by Harru Sateri with a rebound.
5:33 of 3rd period - Wrist shot by Colton Orr.
5:33 of 3rd period - Stopped by Harru Sateri without a rebound.
5:34 of 3rd period - Matt Cullen wins face-off versus Martin Hanzal in Saguenéens zone.
5:45 of 3rd period - Wrist shot by Matt Cullen.
5:45 of 3rd period - Stopped by Harru Sateri with a rebound.
5:47 of 3rd period - Slapshot by Andrew Ference.
5:47 of 3rd period - Deflect By Matt Cullen.
5:47 of 3rd period - Stopped by Harru Sateri without a rebound.
5:48 of 3rd period - Martin Hanzal wins face-off versus Matt Cullen in Saguenéens zone.
5:52 of 3rd period - Off-side.
5:53 of 3rd period - Martin Hanzal wins face-off versus Matt Cullen in neutral zone.
5:56 of 3rd period - Slapshot by Derek Morris.
5:56 of 3rd period - Stopped by Steve Mason without a rebound.
5:57 of 3rd period - Martin Hanzal wins face-off versus Matt Cullen in Carnivores zone.
6:04 of 3rd period - Slapshot by David Laliberté.
6:04 of 3rd period - Stopped by Steve Mason with a rebound.
6:12 of 3rd period - David Laliberté is hit by James Van Riemsdyk and loses puck.
6:35 of 3rd period - Snap shot by Colton Orr.
6:35 of 3rd period - Goal by Colton Orr - Saguenéens : 1 - Carnivores : 6.
6:36 of 3rd period - Martin Hanzal wins face-off versus Anton Gustafsson in neutral zone.
6:42 of 3rd period - Minor Penalty to Bobby Sanguinetti for Slashing.
6:43 of 3rd period - Martin Hanzal wins face-off versus Matt Cullen in Carnivores zone.
6:43 of 3rd period - Snap shot by Evgeny Dadonov.
6:43 of 3rd period - Shot Blocked by Phil Oreskovic.
6:45 of 3rd period - Snap shot by Martin Hanzal.
6:45 of 3rd period - Stopped by Steve Mason with a rebound.
6:51 of 3rd period - Snap shot by Martin Hanzal.
6:51 of 3rd period - Stopped by Steve Mason without a rebound.
6:52 of 3rd period - Matt Cullen wins face-off versus Martin Hanzal in Carnivores zone.
6:57 of 3rd period - Wrist shot by Matt Cullen.
6:57 of 3rd period - Shot Misses the Net.
7:29 of 3rd period - Snap shot by Martin Hanzal.
7:29 of 3rd period - Shot Misses the Net.
7:31 of 3rd period - Snap shot by Derek Morris.
7:31 of 3rd period - Shot Blocked by Phil Oreskovic.
7:33 of 3rd period - Slapshot by Kevin Marshall.
7:33 of 3rd period - Stopped by Steve Mason with a rebound.
7:35 of 3rd period - Snap shot by Brian Flynn.
7:35 of 3rd period - Shot Misses the Net.
7:37 of 3rd period - Snap shot by Evgeny Dadonov.
7:37 of 3rd period - Deflect By Phil Oreskovic.
7:37 of 3rd period - Shot Blocked by Andrew Ference.
7:37 of 3rd period - Puck is out of play.
7:38 of 3rd period - Tim Conboy wins face-off versus Kyle Brodziak in Carnivores zone.
7:51 of 3rd period - Slapshot by Mike Sauer.
7:51 of 3rd period - Shot Blocked by Patrick McNeill.
7:53 of 3rd period - Snap shot by Tim Kennedy.
7:53 of 3rd period - Shot Misses the Net.
8:42 of 3rd period - Penalty to Bobby Sanguinetti is over, Bobby Sanguinetti is back on ice.
8:43 of 3rd period - Jeremy Welsh is hit by Kris Russell and loses puck.
9:02 of 3rd period - Wrist shot by Eric Tangradi.
9:02 of 3rd period - Stopped by Steve Mason with a rebound.
10:01 of 3rd period - Billy Sweat is hit by Evgeny Grachev and loses puck.
10:15 of 3rd period - Icing by David Laliberté.
10:16 of 3rd period - Matt Cullen wins face-off versus David Laliberté in Saguenéens zone.
10:39 of 3rd period - Kris Russell is hit by Anton Gustafsson and loses puck.
10:44 of 3rd period - Wrist shot by Tim Conboy.
10:44 of 3rd period - Stopped by Harru Sateri with a rebound.
10:46 of 3rd period - Slapshot by Phil Oreskovic.
10:46 of 3rd period - Shot Misses the Net.
10:48 of 3rd period - Snap shot by Blake Geoffrion.
10:48 of 3rd period - Stopped by Harru Sateri with a rebound.
11:00 of 3rd period - Snap shot by Evgeny Grachev.
11:00 of 3rd period - Shot Blocked by Anton Lander.
11:02 of 3rd period - Wrist shot by Rhett Rakhshani.
11:02 of 3rd period - Shot Blocked by Phil Oreskovic.
11:04 of 3rd period - Wrist shot by Jim O'Brien.
11:04 of 3rd period - Stopped by Steve Mason with a rebound.
11:06 of 3rd period - Slapshot by Kris Russell.
11:06 of 3rd period - Stopped by Steve Mason without a rebound.
11:07 of 3rd period - Matt Cullen wins face-off versus Kyle Brodziak in Carnivores zone.
11:18 of 3rd period - Slapshot by Matt Cullen.
11:18 of 3rd period - Deflect By Colton Orr.
11:18 of 3rd period - Stopped by Harru Sateri with a rebound.
11:20 of 3rd period - Snap shot by Matt Cullen.
11:20 of 3rd period - Shot Misses the Net.
11:22 of 3rd period - Slapshot by Bobby Sanguinetti.
11:22 of 3rd period - Stopped by Harru Sateri with a rebound.
11:28 of 3rd period - Minor Penalty to Derek Morris for Holding.
11:29 of 3rd period - Matt Cullen wins face-off versus David Laliberté in Saguenéens zone.
13:28 of 3rd period - Penalty to Derek Morris is over, Derek Morris is back on ice.
13:37 of 3rd period - Wrist shot by Chris Lawrence.
13:37 of 3rd period - Deflect By Zack Smith.
13:37 of 3rd period - Stopped by Harru Sateri with a rebound.
13:39 of 3rd period - Wrist shot by Chris Lawrence.
13:39 of 3rd period - Shot Blocked by Jim O'Brien.
14:11 of 3rd period - Snap shot by Derek Morris.
14:11 of 3rd period - Shot Blocked by Chris Butler.
15:50 of 3rd period - Evgeny Dadonov is hit by Colton Orr and loses puck.
16:12 of 3rd period - Eric Tangradi is hit by Jeremy Welsh and loses puck.
16:54 of 3rd period - Rhett Rakhshani is hit by Chris Butler and loses puck.
18:48 of 3rd period - 10 Minutes Misconduct Penalty to David Schlemko is over.
19:13 of 3rd period - Slapshot by Bobby Sanguinetti.
19:13 of 3rd period - Shot Misses the Net.
19:17 of 3rd period - Slapshot by Blake Geoffrion.
19:17 of 3rd period - Stopped by Harru Sateri without a rebound.
19:18 of 3rd period - Anton Gustafsson wins face-off versus Kyle Brodziak in Saguenéens zone.
19:21 of 3rd period - Snap shot by Tim Conboy.
19:21 of 3rd period - Shot Misses the Net.
19:44 of 3rd period - Tim Conboy is hit by Brandon Burlon.
Goals for this period are 1 for Saguenéens vs 2 for Carnivores.
Shots for this period are 9 for Saguenéens vs 16 for Carnivores.
Output by the SimonT Hockey Simulator (STHS) for François Prévost -- Original Page W3C XHTML 1.0 Valid